Wera, lawful female dwarven Valkyrie ---------- ######################################## #.........| ----- # ---------------------------------# ###|<.......| |....##########|...............................|# # #---------- |...| # |.------------.....------------.|# ### # |...|### |.|(+.|...|%%|.....| |(((|...|.|# # # |...|# |.|.).|...|%!|.....| |(((|...|.|# ### |...|# |.|%..|...|..|.....+ ... ...|.|# q --.--# |.|...| ..|-|-.....-----|---|--.|####@### #### |.---|---|-.....................| # ---.-- # |..).%).......{......{..........|### |....| ### |.--|--|---....-|----...........|# |..>.| # |.|)..|.. ----.|....|.----|----.-# |....| ## |.|[((|...| |.|....|.| |.. |.| |....| ---.--- |.|.([|...| |.|.(_.|.| |....|.| |....+ |.....| |.|..(|...| +.|....|.+ |....|.| |....| |.....| |.------------.------.---------.| ------ |.....| |...%...........................| ------- --------------------------------- Wera the Fighter Experience level: 9 Strength: 17 Dexterity: 15 Constitution: 17 Intelligence: 8 Wisdom: 9 Charisma: 13 Health: 0(82) Energy: 7(7) AC: 1 Gold: 921 Moves: 7346 Your Inventory: Coins $ - 921 gold pieces Amulets T - a cursed oval amulet [of change] Weapons a - the blessed rustproof +1 Excalibur (weapon in hand) b - 2 uncursed +0 daggers (in quiver) p - 2 uncursed [+0] orcish daggers Armor c - a blessed +3 small shield (being worn) h - an [uncursed] +0 orcish helm (being worn) Q - an [uncursed] +0 pair of speed boots (being worn) Z - an [uncursed] +0 dwarvish cloak (being worn) Comestibles v - an uncursed lizard corpse H - an uncursed slime mold L - an [uncursed] cream pie Scrolls n - a blessed scroll of teleportation A - a blessed scroll called earth [of earth] B - an uncursed scroll called earth [of earth] E - an [uncursed] scroll labeled GNIK SISI VLE [of food detection] F - a [cursed] scroll labeled ZELGO MER [of enchant weapon] G - a [cursed] scroll labeled KO BATE [of gold detection] I - an uncursed scroll of confuse monster M - an uncursed scroll of teleportation P - a [cursed] unlabeled scroll [of blank paper] W - an [uncursed] scroll labeled PRIRUTSENIE [of create monster] X - an [uncursed] scroll labeled EIRIS SAZUN IDISI [of remove curse] Potions d - an uncursed yellow potion [of paralysis] j - a [blessed] white potion [of healing] k - an uncursed brown potion [of booze] l - 2 uncursed amber potions [of gain energy] s - 2 uncursed white potions [of healing] w - an uncursed ochre potion [of gain level] y - an uncursed puce potion [of full healing] J - an uncursed pink potion [of object detection] K - 2 blessed clear potions [of holy water] N - a [cursed] murky potion [of confusion] Rings D - an uncursed ring of protection from shape changers Wands e - an [uncursed] wand of light [0:12] g - an [uncursed] wand of fire [0:4] t - an [uncursed] wand of striking [0:5] O - an [uncursed] mahogany wand [of digging (0:8)] Y - an [uncursed] wand of striking [0:7] Tools f - an [uncursed] magic marker [0:58] i - an uncursed tin whistle m - an uncursed [oil] lamp (0:0) o - an uncursed can of grease [0:21] q - an uncursed towel z - an uncursed [+0] unicorn horn C - an [uncursed] blindfold R - an uncursed leash U - an uncursed lock pick V - an [uncursed] magic marker [0:42] Gems r - an [uncursed] yellow gem [worthless glass] S - an [uncursed] blue gem [worthless glass] Spells known in the end: Name Level Category Fail Memory Your skills at the end: Fighting Skills shield [Basic / Expert] Weapon Skills dagger [Basic / Expert] long sword [Skilled / Expert] Spellcasting Skills Final Attributes: You were piously aligned. Hunger level was 307. Your alignment was 28 / 46. Monster difficulty range was 1 - 8. Level difficulty was 7. You were immune to cold. You resisted poison. You were immune to level-drain. You were telepathic. You had automatic searching. You had infravision. You were stealthy. You were very fast. Your luck was zero. You are dead. Vanquished creatures: a ghost a giant mimic an ogre king a small mimic a freezing sphere a human mummy a chameleon a giant beetle a winter wolf cub 4 leprechauns a giant spider a forest centaur 2 owlbears a werewolf a lizard 2 dogs a jaguar 3 blue jellies 3 gray unicorns 2 snakes a human zombie a rope golem 2 water nymphs a mountain nymph 5 Uruk-hai 2 rock piercers 4 enormous rats a rock mole a fog cloud a yellow light a shrieker 3 violet fungi 2 guardian naga hatchlings a barrow wight a baby crocodile a giant ant a little dog 5 floating eyes a dwarf a homunculus 9 hill orcs 2 rothes a rabid rat a giant bat 2 orc zombies 2 iguanas 9 killer bees 3 acid blobs 2 coyotes a gas spore 2 hobbits a manes 3 cave spiders a brown mold a yellow mold a green mold 8 gnomes 3 garter snakes a gnome zombie 4 geckos 7 jackals a fox 2 kobolds 3 goblins 6 sewer rats 10 grid bugs 2 bats a lichen 4 kobold zombies a newt 160 creatures vanquished. Voluntary challenges: You used a wielded weapon 220 times. You read items or engraved 2 times. You put on armor 10 times. You never genocided any monsters. You never polymorphed an object. You changed form 1 time. You used no wishes. You never wrote Elbereth's name. You encountered 1 bones level. You never used any Sokoban shortcuts. Dungeon overview: The Dungeons of Doom: levels 1 to 8 Level 1 a long staircase Level 2 some fountains Level 3 a general store Level 4 stairs to The Gnomish Mines Level 6 many fountains Level 7 a weapon shop stairs to Sokoban The Gnomish Mines: levels 5 to 12 Level 5 stairs to The Dungeons of Doom Level 8 <- You were here many shops, a temple, a magic chest, some fountains Level 12 a fountain Sokoban: levels 4 to 6 Level 6 a magic chest stairs to The Dungeons of Doom History has recorded: On T:1 you entered the Dungeons of Doom to retrieve the Amulet of Yendor! On T:209 you reached level 2 of The Dungeons of Doom. On T:305 you advanced to experience level 2. On T:405 you advanced to experience level 3. On T:779 you reached level 3 of The Dungeons of Doom. On T:781 you advanced to experience level 4. On T:803 you reached level 4 of The Dungeons of Doom. On T:843 you reached level 5 of The Dungeons of Doom. On T:1347 you advanced to experience level 5. On T:1722 you reached level 6 of The Dungeons of Doom. On T:2028 you advanced to experience level 6. On T:2037 you reached level 7 of The Dungeons of Doom. On T:2334 you advanced to experience level 7. On T:2850 you reached level 8 of The Dungeons of Doom. On T:2954 you reached level 3 of Sokoban. On T:3003 you advanced to experience level 8. On T:3419 you reached level 2 of Sokoban. On T:3973 you reached level 1 of Sokoban. On T:5032 you reached level 1 of The Gnomish Mines. On T:5103 you reached level 2 of The Gnomish Mines. On T:5143 you reached level 3 of The Gnomish Mines. On T:5340 you advanced to experience level 9. On T:5718 you reached level 4 of The Gnomish Mines. On T:5824 you reached level 5 of The Gnomish Mines. On T:5874 you reached level 6 of The Gnomish Mines. On T:6347 you reached level 7 of The Gnomish Mines. On T:6417 you reached level 8 of The Gnomish Mines. Latest messages: The gray unicorn misses. The gray unicorn kicks! [HP-1=34] You kill the gray unicorn! [HP+1=35] You can see again. [HP+1=36] You hear a distant squeak. [HP+1=37] [HP+1=38] [HP+1=39] [HP+1=40] The leocrotta hits! The leocrotta bites! The leocrotta hits! [HP-25=15] You hit the leocrotta! The leocrotta hits! The leocrotta misses. The leocrotta hits! You die... Final status: Farvel Wera the Valkyrie... You died in The Gnomish Mines on dungeon level 7 with 8115 points, and 921 pieces of gold, after 7346 moves. You were level 9 with a maximum of 82 hit points when you died.